 Dungeon Crawl Stone Soup version 0.23.1 (webtiles) character file.

Game seed: 5822851705210405948

102 Borgoz the Sneak (level 4, -9/34 (36) HPs)
             Began as a Ghoul Enchanter on Mar 4, 2019.
             Was an Initiate of Dithmenos.
             Splashed by Ijyb's acid (10 damage)
             ... on level 3 of the Dungeon.
             The game lasted 00:04:35 (2601 turns).

Borgoz the Sneak (Ghoul Enchanter)                  Turns: 2601, Time: 00:04:36

HP:   -9/34 (36)    AC:  4    Str: 11    XL:     4   Next: 78%
MP:   1/5           EV: 18    Int: 11    God:    Dithmenos [......]
Gold: 80            SH:  0    Dex: 14    Spells: 3/6 levels left

rFire    . . .     SeeInvis .   a - +1 dagger
rCold    + . .     Gourm    .   (no shield)
rNeg     + + +     Faith    .   b - +0 robe
rPois    ∞         Spirit   .   (no helmet)
rElec    .         Reflect  .   p - +0 cloak
rCorr    .         Harm     .   (no gloves)
MR       .....                  k - +0 pair of boots
Stlth    ++++......             (no amulet)
HPRegen  0.00/turn              (no ring)
MPRegen  0.09/turn              (no ring)

@: agile, flying, very slightly contaminated, rotting
A: rotting body, claws 1, carnivore, cold resistance 1, negative energy
resistance 3, inhibited regeneration, torment resistance, unbreathing
a: Renounce Religion


You were on level 3 of the Dungeon.
You worshipped Dithmenos.
Dithmenos was noncommittal.
You were not hungry.

You visited 1 branch of the dungeon, and saw 3 of its levels.

You collected 80 gold pieces.

Inventory:

Hand Weapons
 a - a +1 dagger (weapon)
 o - a +3 quarterstaff of chaos
Armour
 b - a +0 robe (worn)
 k - a +0 pair of boots (worn)
 p - a +0 cloak (worn)
Wands
 j - a wand of polymorph (7)
Scrolls
 c - a scroll of amnesia {unknown}
 e - 2 scrolls of remove curse {unknown}
 h - 5 scrolls of identify {unknown}
 i - a scroll of teleportation {unknown}
 m - a scroll of immolation {unknown}
 n - a scroll of noise {unknown}
Potions
 f - a potion of flight
 g - 2 potions of brilliance {unknown}
Comestibles
 d - 4 rations


   Skills:
 + Level 1.7 Fighting
 * Level 2.5 Short Blades
 + Level 2.5 Dodging
 + Level 4.0 Stealth
 - Level 1.7 Spellcasting
 - Level 2.4 Hexes


You had 3 spell levels left.
You knew the following spells:

 Your Spells              Type           Power        Failure   Level  Hunger
a - Corona                Hex            #......      11%         1    ##.....
b - Ensorcelled Hibernat  Hex/Ice        #.....       28%         2    ###....

Your spell library contained the following spells:

 Spells                   Type           Power        Failure   Level  Hunger
 Confuse                  Hex            #.......     32%         3    ####...
 Tukima's Dance           Hex            #.......     32%         3    ####...
 Dazzling Spray           Conj/Hex       #.....       50%         3    ####...


Dungeon Overview and Level Annotations

Branches:
Dungeon (3/15)

Altars:
Dithmenos
Qazlal
Yredelemnul

Annotations:
D:3 Ijyb


Innate Abilities, Weirdness & Mutations

Your body is rotting away.
You thrive on raw meat.
You are immune to poison.
You have sharp fingernails.
You are carnivorous and can eat meat at any time.
Your flesh is cold resistant. (rC+)
You are immune to negative energy. (rN+++)
You do not regenerate when monsters are visible.
You are immune to unholy pain and torment.
You can survive without breathing.


Message History

Casting: Ensorcelled Hibernation (safe; 28% risk of failure)
Confirm with . or Enter, or press ? or * to list all spells.
Aiming: Ensorcelled Hibernation (safe; 28% risk of failure)
Press: ? - help, Shift-Dir - straight line, f/p - Ijyb
Aim: Ijyb, wielding a +0 club, wearing a +0 ring mail and carrying a wand of acid (8) (chance to defeat MR: 44%) Ijyb looks drowsy...
You are too injured to fight recklessly!
The helpless Ijyb fails to defend herself.
You puncture Ijyb!
Ijyb is heavily wounded.
Ijyb completely misses you.
It was a potion of flight.
You feel very buoyant.
You fly up into the air.
Ijyb hits you with a +0 club.
* * * LOW HITPOINT WARNING * * *
You feel agile all of a sudden.
Ijyb zaps a wand.
The bolt of acid hits you.
* * * LOW HITPOINT WARNING * * *
You are splashed with acid!
You die...

#..........>.r
#.............
#..........###
#..........#
##........##
##........##
#...........#
#.......r...#
.........@.$.#
####......g...#
#..........#
##........##
#........#
#..######.. #.#
#.. #. #..


You could see Ijyb and a quokka.

Vanquished Creatures
  Crazy Yiuf (D:2)
  2 adders (D:2)
  An ooze (D:1)
  4 leopard geckos
  2 ball pythons
  7 giant cockroaches
  8 goblins
  6 hobgoblins
  4 bats
  3 frilled lizards
  3 kobolds
  5 rats
46 creatures vanquished.

Notes
Turn   | Place    | Note
-------+----------+-------------------------------------------
     0 | D:1      | Borgoz the Ghoul Enchanter began the quest for the Orb.
     0 | D:1      | Reached XP level 1. HP: 14/14 MP: 2/2
    44 | D:1      | Reached skill level 1 in Short Blades
   102 | D:1      | Reached XP level 2. HP: 21/22 MP: 0/3
   126 | D:1      | Learned a level 2 spell: Ensorcelled Hibernation
   506 | D:1      | Reached skill level 1 in Fighting
   549 | D:1      | Reached XP level 3. HP: 19/28 MP: 4/4
  1351 | D:2      | Found a basalt altar of Yredelemnul.
  1421 | D:2      | Found a shadowy altar of Dithmenos.
  1715 | D:2      | Reached XP level 4. HP: 21/35 MP: 0/5
  1749 | D:2      | Became a worshipper of Dithmenos the Shadowed
  2040 | D:2      | Found a stormy altar of Qazlal.
  2042 | D:2      | Noticed a fire elemental
  2042 | D:2      | Noticed a water elemental
  2043 | D:2      | Noticed an air elemental
  2043 | D:2      | Noticed an earth elemental
  2137 | D:2      | Found a runed translucent door.
  2138 | D:2      | Noticed Crazy Yiuf
  2418 | D:2      | Killed Crazy Yiuf
  2418 | D:2      | Reached skill level 4 in Stealth
  2593 | D:3      | Noticed Ijyb
  2601 | D:3      | HP: 1/34 [Ijyb/wand of acid (8) (4)]
  2601 | D:3      | Splashed by Ijyb's acid

Skill      XL: |  1  2  3  4 |
---------------+-------------+-----
Short Blades   | 1 2 |  2.5
Dodging        | 2 |  2.5
Fighting       | 1 |  1.7
Stealth        | 4 |  4.0
Spellcasting   | |  1.7
Hexes          | |  2.4

Action                   |  1- 3 |  4- 6 || total
-------------------------+-------+-------++-------
Melee: Dagger            |   139 |    31 ||   170
 Cast: Corona            |     3 |     1 ||     4
       Ensorcelled Hiber |     7 |     5 ||    12
  Use: Potion            |     1 |     2 ||     3
 Stab: Sleeping          |     6 |     5 ||    11
  Eat: Chunk             |     9 |       ||     9
Armor: Robe              |    23 |    13 ||    36
Dodge: Dodged            |    90 |    23 ||   113
